 Dungeon Crawl Stone Soup version 0.31-a0-868-g674d60d6f7 (webtiles) character file.

Game seed: 13354891006219667967

55 pokeman the Magician (level 3, -5/20 HPs)
             Began as a Deep Elf Hedge Wizard on Oct 12, 2023.
             Slain by Robin
             ... wielding a +0 trident
              (8 damage)
             ... on level 2 of the Dungeon.
             The game lasted 00:02:00 (1270 turns).

pokeman the Magician (Deep Elf Hedge Wizard)        Turns: 1270, Time: 00:02:00

Health: -5/20      AC:  2    Str:  7    XL:     3   Next: 67%
Magic:  5/11       EV: 12    Int: 20    God:
Gold:   24         SH:  0    Dex: 14    Spells: 4/12 levels left

rFire   . . .        a - +0 dagger
rCold   . . .        (no shield)
rNeg    . . .        b - +0 robe
rPois   .            c - +0 hat
rElec   .            (no cloak)
rCorr   .            (no gloves)
SInv    .            (no boots)
Will    .....        e - amulet of the acrobat
Stlth   ++           (no ring)
HPRegen 0.23/turn    (no ring)
MPRegen 0.12/turn

%: acrobat
@: no status effects
A: no striking features
a: no special abilities


You were on level 2 of the Dungeon.
You visited 1 branch of the dungeon, and saw 2 of its levels.

You collected 24 gold pieces.

Inventory:

Hand Weapons
 a - a +0 dagger (weapon)
Armour
 b - a +0 robe (worn)
 c - a +0 hat (worn)
Jewellery
 e - an amulet of the acrobat (around neck)
Scrolls
 f - a scroll of noise {unknown}
 g - a scroll of identify {unknown}
Potions
 d - a potion of magic


   Skills:
 - Level 1.0 Fighting
 - Level 1.0 Armour
 + Level 2.5 Dodging
 + Level 2.4 Stealth
 * Level 5.3 Spellcasting
 + Level 2.0 Conjurations
 - Level 1.1 Summonings
 - Level 1.1 Translocations


You had 4 spell levels left.
You knew the following spells:

 Your Spells              Type           Power      Damage    Failure   Level
a - Magic Dart            Conj           52%        1d5       4%          1
b - Mephitic Cloud        Conj/Pois/Air  8%         N/A       26%         3
c - Call Imp              Summ           18%        N/A       11%         2
d - Blink                 Tloc           18%        N/A       11%         2

Your spell library contained the following spells:

 Spells                   Type           Power      Damage    Failure   Level
 Slow                     Hex            20%        N/A       11%         1
 Cigotuvi's Dreadful Rot  Necr/Pois/Air  10%        N/A       17%         2


Dungeon Overview and Level Annotations

Branches:
Dungeon (2/15)

Altars:

Annotations:
D:2 Robin


Message History

Casting: Magic Dart (safe; 4% risk of failure)
Confirm with . or Enter, or press ? or * to list all spells.
Aiming: Magic Dart (safe; 4% risk of failure)
Press: ? - help, Shift-Dir - straight line, f/p - goblin
Aim: a goblin, wielding a +0 dagger (moderately wounded, 100% to hit)
The magic dart hits the goblin.
The goblin is severely wounded.
The goblin hits you with a +0 dagger.
Robin roars a battlecry!
The goblins go into a battle-frenzy!
Casting: Magic Dart (safe; 4% risk of failure)
Confirm with . or Enter, or press ? or * to list all spells.
Aiming: Magic Dart (safe; 4% risk of failure)
Press: ? - help, Shift-Dir - straight line, f/p - goblin
Aim: a goblin, wielding a +0 dagger (severely wounded, strong, 100% to hit)
The magic dart hits the goblin.
You kill the goblin!
Robin closely misses you.
Your Conjurations skill increases to level 2!
Casting: Magic Dart (safe; 4% risk of failure)
Confirm with . or Enter, or press ? or * to list all spells.
Aiming: Mephitic Cloud (extremely dangerous; 26% risk of failure)
Press: ? - help, Shift-Dir - straight line, f - Robin
Aim: Robin, wielding a +0 trident, wearing a +0 animal skin and wearing a +0 helmet (chance to affect: 91%)
The ball explodes into a vile cloud!
The stinking cloud engulfs Robin but does no damage.
You hear a shout!
Robin is engulfed in noxious fumes.
Robin closely misses you.
Unknown command.
Unknown command.
Robin is engulfed in noxious fumes.
Robin appears confused.
Robin gestures wildly.
Robin barely misses themself.
You hit Robin but do no damage. Robin closely misses you.
You barely miss Robin.
Robin gestures wildly.
Robin hits you with a +0 trident!
* * * LOW HITPOINT WARNING * * *
You barely miss Robin. Robin hits you with a +0 trident!
You die...

.#.#.>...
.#.#.#.###.##
.#..........
.....#...#.##
.....#......
gg...#....#
##...#....#
...g.#....###########
##.#.#.....).ggg@<)†#
#.#))).#.###########
..#.#....#
####.##)### ######


You could see Robin (confused), a hobgoblin (strong) and a goblin (strong).

Vanquished Creatures
  2 gnolls (D:1)
  A worm (D:2)
  3 ball pythons (D:1)
  2 endoplasms (D:1)
  3 giant cockroaches (D:1)
  9 goblins
  2 hobgoblins (D:2)
  A kobold (D:1)
  3 bats (D:1)
  4 rats (D:1)
30 creatures vanquished.

Notes
Turn   | Place    | Note
-------+----------+-------------------------------------------
     0 | D:1      | pokeman the Deep Elf Hedge Wizard began the quest for the
                  | Orb.
     0 | D:1      | Reached XP level 1. HP: 10/10 MP: 7/7
   250 | D:1      | Reached XP level 2. HP: 16/16 MP: 5/9
   496 | D:1      | Reached skill level 5 in Spellcasting
   564 | D:1      | Reached XP level 3. HP: 20/20 MP: 3/11
   568 | D:1      | Learned a level 3 spell: Mephitic Cloud
   571 | D:1      | Learned a level 2 spell: Call Imp
   574 | D:1      | Learned a level 2 spell: Blink
  1137 | D:2      | Noticed Robin
  1146 | D:2      | Reached skill level 1 in Armour
  1153 | D:2      | Reached skill level 1 in Fighting
  1270 | D:2      | Slain by Robin

Illustrated notes

Levels and vault maps discovered:
D:1:      minmay_arrival_cross, layout_basic, chequers_serial_rivers_micro_e,
          st_stairs_13
D:2:      layout_basic, serial_shops, nicolae_shop_dealshenge, uniq_robin

Skill      XL: |  1  2  3 |
---------------+----------+-----
Spellcasting   | 5 |  5.3
Armour         | 1 |  1.0
Fighting       | 1 |  1.0
Conjurations   | 2 |  2.0
Dodging        | |  2.5
Stealth        | |  2.4
Summonings     | |  1.1
Translocations | |  1.1

Action                     || total
---------------------------++-------
  Melee: Dagger            ||    19
         Punch             ||     1
   Cast: Magic Dart        ||    75
         Mephitic Cloud    ||     2
   Stab: Confused          ||     1
         Sleeping          ||     1
 Armour: Robe              ||    27
  Dodge: Dodged            ||    32

Table legend: (Time is in decaauts)
 A = Elapsed time spent in this place.
 B = Non-inter-level travel time spent in this place.
 C = Inter-level travel time spent in this place.
 D = Time resting spent in this place.
 E = Time spent auto-exploring this place.
 F = Levels seen in this place.
 G = Mean time per level.
                   A        B        C        D        E       F      G
               +--------+--------+--------+--------+--------+-----+--------+
         Total |   1270 |   1263 |      7 |     87 |    988 |   2 |  635.0 |
       Dungeon |   1270 |   1263 |      7 |     87 |    988 |   2 |  635.0 |
               +--------+--------+--------+--------+--------+-----+--------+

Top non-repeatable levels by time:
     D:1: 1154 daAuts
     D:2: 116 daAuts
